 Dungeon Crawl Stone Soup version 0.20.1-1-g8b1a95d (webtiles) character file.

396 ThePWWP the Slasher (level 6, -8/47 HPs)
             Began as a Demonspawn Gladiator on July 5, 2017.
             Mangled by Cupcake's ghost (10 damage)
             ... on level 4 of the Dungeon.
             The game lasted 00:16:33 (4316 turns).

ThePWWP the Slasher (Demonspawn Gladiator)          Turns: 4316, Time: 00:16:34

Health: -8/47      AC: 15    Str: 22    XL:     6   Next: 52%
Magic:  6/6        EV: 14    Int:  9    God:
Gold:   88         SH:  9    Dex: 23    Spells: 5/5 levels left

rFire    + + .     SeeInvis .   a - +1 long sword
rCold    . . .     Gourm    .   w - +0 shield
rNeg     . . .     Faith    .   r - +0 scale mail
rPois    +         Spirit   .   (helmet restricted)
rElec    +         Reflect  .   (no cloak)
rCorr    +         Harm     .   e - +2 pair of gloves
MR       .....                  (no boots)
Stlth    ++........             (no amulet)
Regen    0.2/turn               v - +4 ring of dexterity
MPRegen  0.1/turn               x - ring of fire

@: mighty, agile, resistant, sanguine armour, flying, slowed, drained, very slow
A: horns 2, powered by pain 1, sanguine armour 1
a: no special abilities


You were on level 4 of the Dungeon.
You were not hungry.

You visited 1 branch of the dungeon, and saw 4 of its levels.

You collected 88 gold pieces.

Inventory:

Hand Weapons
 a - a +1 long sword (weapon)
 k - a cursed -2 mace
Armour
 b - a +0 leather armour
 c - a +0 helmet
 e - a +2 pair of gloves (worn)
 r - a +0 scale mail (worn)
 w - a +0 shield (worn)
Jewellery
 q - an uncursed amulet of the gourmand {unknown}
 v - a +4 ring of dexterity (left hand)
 x - a ring of fire (right hand)
Scrolls
 j - a scroll of fog
 o - a scroll of random uselessness {unknown}
 s - 2 scrolls of magic mapping {unknown}
 t - a scroll of enchant armour {unknown}
Potions
 i - a potion of curing
 l - 3 potions of agility
 m - a potion of might {unknown}
 u - a potion of flight
Comestibles
 f - 2 bread rations
 h - 2 royal jellies
 n - a fruit
 p - 5 meat rations


   Skills:
 + Level 3.5(3.2) Fighting
 + Level 4.6(4.4) Long Blades
 + Level 2.1(1.9) Throwing
 + Level 1.3(1.1) Armour
 + Level 3.6(3.4) Dodging
 + Level 2.2(1.9) Stealth


You had 5 spell levels left.
You didn't know any spells.

Dungeon Overview and Level Annotations

Branches:
Dungeon (4/15)
 Temple: D:4-7

Altars:
Dithmenos
Kikubaaqudgha

Annotations:
D:4 Cupcake's ghost, amateur MiCK


Innate Abilities, Weirdness & Mutations

You have a pair of horns on your head.
You sometimes gain a little power by taking damage.
When seriously injured, your bleeding wounds create armour. (AC +6)


Message History

Cupcake's ghost is heavily damaged.
Cupcake's ghost hits you but does no damage. x2
You are lethally poisoned!
It was a potion of curing.
You feel better.
Cupcake's ghost hits you but does no damage.
You are electrocuted!
* * * LOW HITPOINT WARNING * * *
You block Cupcake's ghost's attack.
It was a potion of flight.
You feel very buoyant.
You fly up into the air.
You block Cupcake's ghost's attack.
It was a potion of resistance.
You feel protected.
Cupcake's ghost hits you but does no damage.
You block Cupcake's ghost's attack.
Your scale mail prevents you from hitting Cupcake's ghost.
Cupcake's ghost is heavily damaged.
Cupcake's ghost hits you but does no damage.
Cupcake's ghost hits you!
You die...

######.# #......# #<#
#.# #.# #.# ##### #.#
# #...# ##@## #.#...#
#.W.# ##.#.(.#####...#
#.........##...# ##..
##..............#.....
#......!...###....#
#.......#### #.####
##.......######.#
................#


You could see Cupcake's ghost.

Vanquished Creatures
  Grinder (D:3)
  Jessica (D:2)
  Robin (D:2)
  8 adders
  An ooze (D:2)
  A worm (D:3)
  4 dart slugs
  3 leopard geckos
  2 ball pythons
  2 giant cockroaches
  13 goblins
  10 hobgoblins
  3 jackals (D:2)
  A quokka (D:3)
  7 bats
  4 frilled lizards
  10 kobolds
  4 rats
76 creatures vanquished.

Notes
Turn   | Place    | Note
-------+----------+-------------------------------------------
     0 | D:1      | ThePWWP the Demonspawn Gladiator began the quest for the Orb.
     0 | D:1      | Reached XP level 1. HP: 16/16 MP: 1/1
   262 | D:1      | Gained mutation: You sometimes gain a little power by taking damage. [demonic ancestry]
   262 | D:1      | Reached XP level 2. HP: 22/22 MP: 2/2
   323 | D:1      | Reached skill level 3 in Long Blades
   833 | D:1      | HP: 1/23 [hobgoblin/club (7)]
   834 | D:1      | Gained mutation: You have a pair of small horns on your head. [demonic ancestry]
   834 | D:1      | Reached XP level 3. HP: 2/28 MP: 3/3
  1528 | D:2      | Noticed Robin
  1718 | D:2      | Killed Robin
  1925 | D:2      | Gained mutation: You have a pair of horns on your head. [demonic ancestry]
  1925 | D:2      | Reached XP level 4. HP: 24/34 MP: 4/4
  2223 | D:2      | Found a shadowy altar of Dithmenos.
  2627 | D:2      | Reached skill level 1 in Stealth
  2650 | D:2      | Noticed Jessica
  2660 | D:2      | Killed Jessica
  2796 | D:2      | Gained mutation: When seriously injured, your bleeding wounds create armour. (AC +6) [demonic ancestry]
  2796 | D:2      | Reached XP level 5. HP: 28/40 MP: 5/5
  3849 | D:3      | Noticed Grinder
  3861 | D:3      | Killed Grinder
  3861 | D:3      | Reached skill level 4 in Long Blades
  3861 | D:3      | Reached skill level 1 in Armour
  3861 | D:3      | Reached XP level 6. HP: 39/47 MP: 6/6
  4258 | D:4      | Noticed Cupcake's ghost (amateur MiCK)
  4284 | D:4      | Found an ancient bone altar of Kikubaaqudgha.
  4313 | D:4      | HP: 1/47 [Cupcake's ghost (12)]
  4316 | D:4      | Mangled by Cupcake's ghost

Skill      XL: |  1  2  3  4  5 |
---------------+----------------+-----
Throwing       | 2 |  2.1
Long Blades    | 3 4 |  4.6
Dodging        | 3 |  3.6
Stealth        | 1 2 |  2.2
Fighting       | 3 |  3.5
Armour         | 1 |  1.3

Action                   |  1- 3 |  4- 6 || total
-------------------------+-------+-------++-------
Melee: Long sword        |    86 |    84 ||   170
       Headbutt          |    11 |    17 ||    28
Throw: Throwing net      |       |     5 ||     5
  Use: Scroll            |     6 |     1 ||     7
       Potion            |       |     4 ||     4
 Stab: Sleeping          |     1 |     4 ||     5
       Held in net/web   |       |     1 ||     1
  Eat: Chunk             |     2 |     7 ||     9
       Fruit             |     1 |     1 ||     2
Armor: Leather armour    |     6 |       ||     6
       Skin              |     4 |    11 ||    15
       Scale mail        |       |    19 ||    19
Dodge: Dodged            |    73 |    44 ||   117
Block: Shield            |       |     6 ||     6
       Rpst.: Long sword |    24 |    13 ||    37
